 Dungeon Crawl Stone Soup version 0.30.0-13-g156ef70053 (webtiles) character file.

Game seed: 12078097367520158545

786 dialectric the Slasher (level 7, 0/61 HPs)
             Began as a Minotaur Fighter on May 17, 2023.
             Slain by a water moccasin (8 damage)
             ... on level 6 of the Dungeon.
             The game lasted 00:04:25 (3860 turns).

dialectric the Slasher (Minotaur Fighter)           Turns: 3860, Time: 00:04:26

Health: 0/61       AC:  8    Str: 26    XL:     7   Next: 56%
Magic:  6/6        EV: 10    Int:  5    God:
Gold:   196        SH:  0    Dex: 12    Spells: 6/6 levels left

rFire   . . .        y - +0 great sword
rCold   . . .        (shield currently unavailable)
rNeg    . . .        b - +0 scale mail
rPois   .            (helmet restricted)
rElec   .            x - +0 cloak
rCorr   .            (no gloves)
SInv    .            (no boots)
Will    .....        s - amulet of the acrobat Stlth
                     p - +6 ring of strength
HPRegen 0.30/turn    (no ring)
MPRegen 0.10/turn

%: acrobat
@: lethally poisoned (0 -> -7), attractive
A: horns 2, retaliatory headbutt
a: no special abilities


You were on level 6 of the Dungeon.
You visited 1 branch of the dungeon, and saw 6 of its levels.

You collected 241 gold pieces.
You spent 45 gold pieces at shops.

Inventory:

Hand Weapons
 a - a +0 long sword
 g - a +0 rapier
 y - a +0 great sword (weapon)
Missiles
 o - 7 poisoned darts (quivered)
 u - 3 throwing nets
Armour
 b - a +0 scale mail (worn)
 c - a +0 buckler
 x - a +0 cloak (worn)
Jewellery
 p - a +6 ring of strength (left hand)
 s - an amulet of the acrobat (around neck)
 D - a +4 ring of protection
Wands
 C - a wand of acid (8)
Scrolls
 e - a scroll of amnesia
 h - a scroll of noise {unknown}
 i - a scroll of teleportation {unknown}
 j - a scroll of poison {unknown}
 l - a scroll of blinking {unknown}
 m - 5 scrolls of identify {unknown}
 n - 2 scrolls of enchant armour {unknown}
 E - a scroll of vulnerability {unknown}
 F - a scroll of enchant weapon {unknown}
Potions
 d - a potion of might
 f - 3 potions of attraction
 k - a potion of degeneration {unknown}
 q - 2 potions of resistance {unknown}
 r - a potion of cancellation {unknown}
 t - a potion of berserk rage {unknown}
 v - a potion of ambrosia {unknown}
 w - a potion of heal wounds {unknown}
 z - a potion of curing {unknown}
 A - a potion of brilliance {unknown}
 B - a potion of flight {unknown}
 G - a potion of invisibility {unknown}


   Skills:
 + Level 5.4 Fighting
 + Level 7.0 Long Blades
 + Level 0.4 Throwing
 + Level 6.1 Armour
 + Level 2.0 Dodging
 - Level 4.8 Shields


You had 6 spell levels left.
You didn't know any spells.
Your spell library contained the following spells:

 Spells                   Type           Power      Damage    Failure   Level
 Beastly Appendage        Tmut           0%         N/A       75%         1
 Lesser Beckoning         Tloc           0%         N/A       86%         2
 Wereblood                Tmut           0%         N/A       86%         2
 Gell's Gravitas          Tloc           0%         N/A       98%         3
 Spider Form              Tmut/Pois      0%         N/A       98%         3
 Teleport Other           Tloc           0%         N/A       98%         3
 Manifold Assault         Tloc           0%         N/A       100%        4
 Dispersal                Tloc           0%         N/A       100%        6
 Disjunction              Tloc           0%         N/A       100%        8


Dungeon Overview and Level Annotations

Branches:
Dungeon (6/15)
 Temple: D:4-7

Altars:
Cheibriados
Hepliaklqana
Okawaru
Sif Muna

Shops:
D:2 [


Innate Abilities, Weirdness & Mutations

You have a pair of horns on your head.
You reflexively headbutt those who attack you in melee.


Message History

The orc attacks as you move away! The orc closely misses you.
The orc attacks as you move away! The orc misses you. You furiously retaliate!
You headbutt the orc!
You kill the orc!
The centaur shoots an arrow.
The arrow completely misses you.
The centaur shoots an arrow.
The arrow misses you.
Found a stone staircase leading up.
A water moccasin comes into view.
The water moccasin completely misses you.
There is an escape hatch in the floor here.
The centaur shoots an arrow.
The arrow closely misses you.
The water moccasin bites you but does no damage.
You slide downwards.
The hatch slams shut behind you.
Found an amethyst potion.
Found an escape hatch in the floor.
Unknown command.
You miss the water moccasin. The water moccasin bites you!
You are poisoned.
The water moccasin poisons you! The water moccasin bites you.
You closely miss the water moccasin.
You feel very sick. The water moccasin bites you. The water moccasin bites you!
* * * LOW HITPOINT WARNING * * *
You are more poisoned.
The water moccasin poisons you!
You closely miss the water moccasin.
* * * LOW HITPOINT WARNING * * *
You feel very sick. The water moccasin misses you.
The water moccasin completely misses you.
You barely miss the water moccasin.
* * * LOW HITPOINT WARNING * * *
You feel very sick. The water moccasin bites you.
* * * LOW HITPOINT WARNING * * *
Unknown command.
It was a potion of attraction.
You feel attractive to monsters.
* * * LOW HITPOINT WARNING * * *
You feel sick. The water moccasin bites you!
You die...

#.#
#!#
#.#
#.#
#.#
#.#
#.#
#@#
#S#
#.#
#.#
>.#
..#
...
.#..


You could see a water moccasin.

Vanquished Creatures
  Grinder (D:4)
  A black bear (D:5)
  An ogre (D:4)
  A phantom (D:2)
  2 scorpions (D:4)
  A hound (D:5)
  A jelly (D:4)
  An iguana (D:5)
  An iron imp (D:4)
  3 adders
  2 worms
  2 dart slugs
  5 orcs
  8 ball pythons
  A bat (D:1)
  9 endoplasms
  7 giant cockroaches
  8 goblins
  8 hobgoblins
  3 jackals (D:2)
  7 kobolds
  5 quokkas
  3 frilled lizards
  3 rats
84 creatures vanquished.

Notes
Turn   | Place    | Note
-------+----------+-------------------------------------------
     0 | D:1      | dialectric the Minotaur Fighter began the quest for the
                  | Orb.
     0 | D:1      | Reached XP level 1. HP: 19/19 MP: 0/0
   173 | D:1      | Reached XP level 2. HP: 25/27 MP: 1/1
   495 | D:1      | Reached XP level 3. HP: 34/34 MP: 2/2
  1231 | D:2      | Found a shimmering blue altar of Sif Muna.
  1397 | D:2      | Reached skill level 3 in Long Blades
  1451 | D:2      | Noticed a phantom
  1471 | D:2      | Killed a phantom
  1472 | D:2      | Reached XP level 4. HP: 19/41 MP: 3/3
  1856 | D:2      | Found Opoigeg's Armour Shop.
  1865 | D:2      | Bought a +0 cloak for 45 gold pieces
  1913 | D:2      | Reached XP level 5. HP: 47/47 MP: 4/4
  2118 | D:3      | Reached skill level 4 in Long Blades
  2457 | D:3      | Identified the +1 leather armour "Vatherei" {Str+2}
  2806 | D:4      | Reached skill level 1 in Dodging
  2903 | D:4      | Noticed an ogre
  2927 | D:4      | Reached skill level 5 in Armour
  2927 | D:4      | Reached XP level 6. HP: 53/55 MP: 5/5
  2935 | D:4      | Reached skill level 5 in Long Blades
  3117 | D:4      | Reached skill level 5 in Fighting
  3191 | D:4      | Found a snail-covered altar of Cheibriados.
  3234 | D:4      | Noticed Grinder
  3241 | D:4      | Paralysed by Grinder for 5 turns
  3250 | D:4      | Paralysed by Grinder for 2 turns
  3252 | D:4      | Killed Grinder
  3253 | D:4      | Reached skill level 6 in Long Blades
  3253 | D:4      | Reached XP level 7. HP: 14/61 MP: 6/6
  3498 | D:4      | Found a hazy altar of Hepliaklqana.
  3576 | D:4      | Found an iron altar of Okawaru.
  3648 | D:5      | Entered Level 5 of the Dungeon
  3798 | D:5      | Reached skill level 7 in Long Blades
  3860 | D:6      | Slain by a water moccasin

Illustrated notes

Levels and vault maps discovered:
D:1:      dreamdust_arrival_sigmund_warning, layout_basic, minmay_heptomino_h4
D:2:      layout_loops_corners, serial_shops, shop, basic_altar,
          kennysheep_minor_cross, nrook_loot_triangle
D:3:      layout_basic, minmay_misc_feat_tower
D:4:      layout_cave_pools, slow_altar_2, nzn_hepliaklqana_mist_gate,
          okawaru_metal_pillars_1_2, uniq_grinder
D:5:      minmay_angry_zag, layout_loops_ring, led_sif_book, lemuel_round_altar,
          lemuel_coloured_pillars_altar, mainiacjoe_overflow_alcove_4
D:6:      layout_loops_corners, mainiacjoe_overflow_six_doors_small,
          nemelex_dance_club_becter

Skill      XL: |  1  2  3  4  5  6  7 |
---------------+----------------------+-----
Fighting       | 4 5 |  5.4
Armour         | 4 5 6 |  6.1
Shields        | 4 |  4.8
Long Blades    | 3 4 6 7 |  7.0
Dodging        | 1 2 |  2.0
Throwing       | |  0.4

Action                     |  1- 3 |  4- 6 |  7- 9 || total
---------------------------+-------+-------+-------++-------
  Melee: Long sword        |   110 |    49 |       ||   159
         Headbutt          |    12 |    13 |     3 ||    28
         Great sword       |       |    35 |    19 ||    54
  Throw: Dart              |       |     2 |       ||     2
    Use: Scroll            |       |       |     1 ||     1
         Potion            |       |       |     1 ||     1
 Armour: Scale mail        |    53 |    19 |     9 ||    81
  Dodge: Dodged            |    46 |    40 |    35 ||   121
  Block: Buckler           |    19 |     9 |       ||    28
